Map: Pylon LE

Players

KimChiLoVer - Winner!

  • Race: Terran Terran
  • League: Diamond
  • Spawn Location: 5:00

A.I. 1 (Elite)

  • Race: Zerg Zerg
  • Spawn Location: 11:00

VOD

Have the link to the VOD?

Description

Time

  • Played on: Sept. 1, 2025, 1:30 p.m.
  • Length: 9:42
Show
View Real Time Build Order
Export as new Build Order

KimChiLoVer Terran - Winner!

Build Orders: Reaper Expand 

Get SALT Encoding   

  12  0:00  SCV  
  13  0:14  SCV  
  14  0:17  Supply Depot  
  14  0:26  SCV  
  15  0:39  SCV  
  15  0:40  Barracks  
  16  0:47  Refinery  
  16  0:51  SCV  
  17  1:03  SCV  
  18  1:15  SCV  
  19  1:27  Orbital Command  
  19  1:30  Reaper  
  20  1:40  Command Center  
  20  1:48  Supply Depot  
  20  1:55  SCV  
  21  2:02  Marine  
  22  2:10  SCV  
  22  2:15  Factory  
  23  2:25  Barracks Reactor  
  23  2:32  SCV  
  24  2:51  Orbital Command  
  24  2:53  Command Center  
  24  2:54  SCV  
  25  2:59  Factory Tech Lab  
  25  3:08  Barracks, SCV  
  25  3:10  Barracks Tech Lab  
  25  3:12  Hellion  
  28  3:15  Hellion  
  28  3:18  SCV  
  31  3:27  SCV  
  31  3:28  Refinery  
  31  3:33  Stimpack  
  31  3:34  Marine  
  33  3:39  SCV  
  34  3:43  SCV  
  35  3:50  Factory Reactor  
  35  3:51  SCV, Marine  
  37  3:57  SCV  
  37  3:58  Refinery  
  38  4:03  Supply Depot  
  38  4:04  Starport  
  38  4:07  Orbital Command  
  38  4:09  SCV, Marine  
  40  4:16  Engineering Bay  
  40  4:17  Engineering Bay  
  40  4:18  SCV  
  40  4:19  Marine  
  42  4:27  Supply Depot  
  42  4:28  SCV  
  43  4:33  SCV x2, Refinery  
  45  4:41  SCV  
  45  4:45  SCV x2, Factory Tech Lab  
  46  4:50  Marine x3  
  51  4:56  Terran Infantry Armor Level 1, Terran Infantry Weapons Level 1  
  51  4:58  SCV  
  51  4:59  SCV  
  53  5:04  Medivac  
  55  5:08  SCV  
  55  5:10  SCV  
  55  5:12  Combat Shield  
  55  5:13  Supply Depot  
  57  5:19  Supply Depot  
  57  5:20  Marine x2  
  59  5:21  Siege Tank  
  59  5:22  Orbital Command  
  59  5:26  Barracks  
  59  5:27  SCV  
  63  5:31  SCV  
  63  5:34  Marine  
  63  5:35  Medivac x2  
  67  5:41  Supply Depot  
  69  5:45  SCV  
  69  5:46  Supply Depot  
  69  5:48  SCV  
  69  5:49  SCV  
  72  5:55  Marine x2  
  74  5:57  SCV  
  74  6:00  SCV  
  74  6:01  SCV, Marine  
  78  6:06  Siege Tank, Barracks  
  78  6:07  Barracks  
  81  6:12  Marine  
  81  6:15  Barracks, Starport Reactor  
  82  6:18  SCV  
  82  6:20  SCV x2  
  82  6:22  Marine  
  82  6:23  Marine  
  87  6:26  Supply Depot  
  87  6:30  SCV  
  87  6:31  Supply Depot  
  87  6:32  SCV x2  
  90  6:35  Marine x3  
  90  6:39  Siege Tank  
  96  6:40  Marine x2  
  96  6:42  SCV  
  96  6:44  SCV x2  
  101  6:48  Supply Depot  
  101  6:53  Marine x3  
  105  6:55  SCV, Barracks Reactor, Supply Depot  
  105  6:56  SCV x2  
  105  6:58  Barracks Reactor, Marine x2  
  109  7:03  Barracks, Barracks Reactor  
  109  7:08  SCV  
  109  7:09  Medivac  
  109  7:10  Marine, Medivac  
  109  7:11  Marine x2  
  117  7:16  Marine  
  117  7:17  Barracks, Supply Depot  
  117  7:20  Supply Depot  
  117  7:22  Marine  
  119  7:28  Marine x3  
  122  7:32  Marine x2  
  122  7:34  Siege Tank, Marine  
  122  7:36  Marine x2  
  130  7:40  Marine  
  131  7:44  Supply Depot  
  131  7:46  Marine x3  
  131  7:48  Supply Depot  
  131  7:50  Marine x2  
  136  7:52  Marine x3  
  136  7:53  Marine  
  136  7:54  Marine x2  
  136  7:57  Marine  
  143  7:58  Supply Depot  
  143  7:59  Supply Depot x2  
  143  8:01  Medivac x2  
  143  8:04  Marine x3  
  150  8:06  Siege Tank  
  150  8:08  Marine x2  
  150  8:09  Marine  
  150  8:10  Marine  
  145  8:17  Marine x6  
  139  8:22  Marine x3  
  139  8:26  Marine x2  
  144  8:27  Marine  
  144  8:28  Marine  
  144  8:30  Medivac  
  144  8:32  Supply Depot  
  147  8:34  Supply Depot  
  147  8:35  Marine x6  
  147  8:39  Marine  
  147  8:40  Marine x2  
  156  8:43  Marine  
  156  8:44  Marine  
  156  8:45  Marine  
  156  8:46  Marine  
  160  8:52  Marine  
  160  8:53  Marine x5  
  166  8:57  Marine x3  
  166  9:01  Marine x2  
  171  9:03  Marine  
  171  9:04  Marine  
  159  9:10  Marine  
  159  9:11  Marine x5  
  159  9:15  Marine x3  
  168  9:19  Marine x2  
  168  9:21  Marine x2  
Show
View Real Time Build Order
Export as new Build Order

A.I. 1 (Elite) Zerg 

Build Orders: Pool First 

Get SALT Encoding   

  12  0:00  Drone  
  13  0:12  Overlord  
  13  0:16  Drone  
  14  0:30  Drone x2  
  14  0:34  Drone  
  17  0:47  Spawning Pool  
  17  0:49  Drone  
  17  1:11  Hatchery  
  16  1:12  Drone  
  16  1:15  Extractor  
  16  1:18  Drone  
  17  1:21  Extractor  
  17  1:24  Drone  
  17  1:28  Drone  
  18  1:38  Drone  
  19  1:48  Overlord  
  19  1:57  Queen  
  21  2:02  Zergling x2  
  22  2:10  Drone  
  23  2:25  Queen  
  25  2:33  Zergling x2  
  25  2:37  Drone  
  25  2:41  Drone  
  27  2:45  Drone  
  27  2:50  Drone  
  29  3:04  Roach Warren  
  28  3:06  Drone  
  28  3:10  Drone  
  30  3:13  Zergling x2  
  30  3:16  Zergling x2  
  32  3:20  Drone  
  32  3:25  Overlord  
  32  3:28  Drone  
  32  3:31  Drone  
  34  3:44  Roach  
  34  3:46  Roach  
  34  3:47  Roach  
  34  3:48  Roach  
  42  3:55  Lair  
  42  4:00  Overlord  
  42  4:05  Overlord  
  42  4:08  Zergling x2  
  43  4:10  Zergling x2  
  44  4:18  Zergling x2, Drone x2  
  44  4:20  Drone  
  44  4:22  Drone  
  49  4:25  Drone  
  49  4:29  Overlord  
  50  4:33  Roach  
  50  4:37  Roach  
  54  4:40  Roach  
  54  4:44  Roach  
  58  4:47  Overlord  
  58  4:54  Drone  
  58  4:55  Drone  
  58  4:58  Hydralisk Den, Drone  
  60  5:01  Roach  
  62  5:07  Drone  
  62  5:09  Drone  
  62  5:11  Drone  
  62  5:13  Drone  
  66  5:17  Overlord  
  66  5:19  Drone  
  66  5:21  Drone  
  68  5:23  Drone  
  68  5:25  Drone  
  68  5:27  Drone  
  71  5:29  Drone  
  71  5:33  Drone  
  73  5:38  Hydralisk  
  73  5:39  Overlord, Drone  
  73  5:40  Infestation Pit  
  75  5:45  Hydralisk  
  75  5:47  Drone  
  75  5:49  Drone  
  79  5:50  Drone  
  79  5:52  Roach  
  82  5:57  Overlord  
  82  6:03  Metabolic Boost  
  82  6:06  Evolution Chamber  
  81  6:16  Evolution Chamber, Hatchery  
  81  6:17  Infestor  
  81  6:24  Infestor  
  83  6:27  Baneling Nest  
  83  6:29  Drone  
  83  6:32  Zerg Missile Weapons Level 1  
  83  6:33  Evolution Chamber  
  83  6:34  Ravager, Drone  
  83  6:38  Roach  
  86  6:41  Zerg Ground Armor Level 1  
  86  6:43  Extractor  
  86  6:45  Extractor, Drone  
  86  6:46  Drone  
  85  6:52  Ravager  
  86  6:57  Roach  
  86  6:59  Zerg Melee Weapons Level 1  
  88  7:06  Hydralisk, Overlord, Drone x3  
  88  7:07  Spine Crawler  
  92  7:08  Drone  
  92  7:09  Drone x3  
  92  7:12  Baneling  
  92  7:15  Baneling  
  96  7:17  Baneling  
  96  7:20  Baneling  
  96  7:22  Baneling  
  96  7:24  Baneling, Overlord  
  96  7:28  Hydralisk  
  96  7:29  Drone x2  
  100  7:30  Drone x5  
  100  7:31  Drone  
  106  7:38  Drone x3  
  106  7:39  Overseer, Drone  
  106  7:40  Extractor, Drone  
  106  7:42  Drone  
  111  7:46  Overlord, Drone  
  111  7:48  Drone  
  111  7:49  Drone  
  114  7:52  Drone x2  
  116  7:58  Glial Reconstitution  
  116  7:59  Baneling  
  116  8:00  Infestor  
  116  8:02  Drone  
  116  8:03  Zergling x2, Baneling x3  
  120  8:06  Zergling x2, Overlord  
  120  8:07  Drone  
  120  8:11  Drone  
  112  8:13  Drone  
  112  8:15  Roach  
  112  8:17  Roach  
  112  8:18  Roach  
  91  8:20  Roach  
  81  8:33  Roach  
  76  8:34  Roach  
  76  8:37  Hydralisk  
  76  8:39  Hydralisk  
  78  8:42  Drone  
  78  8:44  Drone  
  78  8:45  Drone  
  80  8:49  Overseer, Drone  
  80  8:50  Drone  
  80  8:52  Zergling x2, Drone  
  70  8:59  Roach  
  55  9:12  Zergling x2  
  36  9:21  Roach  
Tags
 
Add a new tag
Caveats
  • Supply blocks, unpowered buildings, or Contaminate may cause inaccurate times.
  • Supply counts are checked every 10 seconds.